Map: Ascension to Aiur LE

Players

Dessa

  • Race: Zerg Zerg
  • League: Diamond
  • Spawn Location: 11:00

Razaac - Winner!

  • Race: Terran Terran
  • League: Diamond
  • Spawn Location: 5:00

VOD

Have the link to the VOD?

Description

Time

  • Played on: Dec. 8, 2017, 2:11 p.m.
  • Length: 25:17
Show
View Real Time Build Order
Export as new Build Order

Dessa Zerg 

Build Orders: Hatch First 

Get SALT Encoding   

  12  0:00  Drone  
  13  0:12  Overlord  
  13  0:18  Drone  
  14  0:31  Drone x2  
  16  0:36  Drone  
  17  0:45  Drone  
  18  0:57  Hatchery  
  18  1:01  Drone  
  18  1:08  Drone  
  19  1:18  Spawning Pool  
  18  1:21  Drone  
  19  1:26  Extractor  
  19  1:28  Drone  
  19  1:45  Overlord  
  19  1:53  Drone  
  20  2:01  Drone  
  20  2:04  Queen  
  23  2:09  Queen  
  23  2:10  Zergling x2  
  23  2:11  Drone  
  27  2:20  Drone  
  28  2:23  Drone  
  28  2:26  Metabolic Boost  
  29  2:33  Drone x2  
  30  2:45  Zergling x4  
  30  2:47  Queen x2  
  36  3:10  Extractor  
  36  3:11  Drone, Overlord  
  36  3:13  Overlord  
  33  3:27  Zergling x4  
  34  3:36  Queen  
  34  3:53  Zergling x6  
  34  3:54  Drone x4  
  40  3:55  Queen  
  42  4:30  Zergling x8  
  42  4:47  Zergling x12  
  46  5:05  Zergling x8  
  46  5:22  Drone x2  
  46  5:23  Drone  
  49  5:33  Spine Crawler  
  49  5:34  Drone x2, Zergling x2  
  49  5:35  Zergling x2  
  52  5:46  Zergling x4  
  52  5:51  Spine Crawler  
  49  6:02  Queen  
  39  6:23  Queen  
  40  6:30  Drone  
  40  6:31  Drone x3  
  40  6:32  Drone  
  45  6:36  Drone  
  45  6:38  Roach Warren, Queen  
  47  6:48  Drone x2  
  47  6:50  Drone x2  
  47  6:52  Overlord  
  51  7:09  Overlord  
  51  7:18  Lair  
  51  7:19  Hatchery  
  50  7:28  Drone x4  
  54  7:30  Drone x2, Extractor  
  54  7:31  Extractor  
  54  7:34  Overlord  
  54  7:40  Roach  
  54  7:41  Roach x3  
  62  7:50  Evolution Chamber  
  61  7:51  Evolution Chamber  
  61  7:53  Roach x4  
  67  8:22  Roach x4  
  67  8:26  Zerg Ground Armor Level 1, Zerg Missile Weapons Level 1  
  75  8:29  Overlord x3  
  67  8:48  Roach x2, Zergling x2  
  67  8:49  Zergling x6, Roach x4  
  72  9:01  Queen x3  
  74  9:05  Zergling x8  
  74  9:06  Zergling x2  
  79  9:11  Glial Reconstitution  
  80  9:17  Drone x3  
  80  9:21  Drone  
  83  9:33  Drone x2  
  76  9:55  Zergling x16  
  76  9:56  Zergling x2  
  75  10:01  Zergling x2  
  76  10:11  Zergling x6  
  79  10:14  Zergling x2  
  79  10:20  Zergling x4  
  82  10:40  Zergling x10  
  82  10:41  Zergling x2  
  82  10:42  Zergling x6  
  82  10:49  Zergling x6  
  78  10:54  Drone x2  
  72  11:08  Drone x5  
  72  11:09  Drone, Overlord  
  75  11:22  Zerg Missile Weapons Level 2  
  75  11:23  Hydralisk Den  
  74  11:30  Hatchery  
  73  11:33  Zerg Ground Armor Level 2  
  73  11:37  Overlord  
  73  11:38  Drone  
  73  11:39  Drone x3  
  78  11:40  Drone  
  78  11:41  Drone x2  
  78  11:44  Drone x3, Extractor x2  
  78  11:45  Drone x4  
  78  11:46  Drone  
  86  11:47  Overlord  
  86  11:49  Overlord  
  85  12:02  Drone  
  86  12:09  Roach  
  86  12:10  Roach x6  
  100  12:16  Muscular Augments  
  100  12:30  Roach x4  
  100  12:31  Roach x5, Extractor  
  116  12:41  Queen  
  116  12:43  Hydralisk x4  
  125  12:54  Hydralisk x3  
  125  12:55  Roach x2  
  135  13:04  Overlord x3  
  134  13:16  Drone  
  135  13:20  Spine Crawler  
  134  13:44  Infestation Pit  
  132  13:59  Overlord  
  132  14:02  Drone x4  
  129  14:17  Hydralisk x2  
  129  14:18  Roach x6, Hydralisk x5  
  129  14:19  Roach x2  
  129  14:21  Overlord x2  
  159  14:25  Hive  
  148  14:54  Roach x3  
  148  15:22  Roach x6  
  160  15:31  Pneumatized Carapace  
  160  15:40  Ultralisk Cavern  
  159  15:50  Spore Crawler  
  159  15:52  Spine Crawler  
  159  15:53  Spine Crawler  
  156  16:02  Overlord  
  156  16:03  Overlord  
  156  16:22  Overlord x3  
  156  16:23  Overlord x2  
  156  16:27  Extractor, Chitinous Plating  
  156  16:30  Hatchery  
  154  16:35  Extractor  
  154  16:37  Extractor  
  152  16:40  Queen  
  152  16:46  Ultralisk x6  
  188  16:52  Zerg Ground Armor Level 3, Zerg Missile Weapons Level 3  
  177  17:26  Spore Crawler x2  
  177  17:27  Spore Crawler  
  174  17:34  Spore Crawler  
  174  17:35  Spore Crawler  
  174  17:36  Spore Crawler  
  171  17:55  Spore Crawler  
  170  17:58  Spore Crawler  
  149  18:10  Zergling x2, Hydralisk x2  
  149  18:11  Roach x4, Hydralisk x6  
  149  18:12  Roach x6, Hydralisk x2  
  106  18:25  Hydralisk  
  106  18:26  Roach  
  88  18:27  Roach  
  88  18:45  Drone x5  
  84  19:11  Drone  
  84  19:12  Drone x3  
  84  19:13  Drone x2  
  84  19:15  Drone  
  84  19:16  Drone x2  
  84  19:17  Drone  
  94  19:20  Drone  
  95  19:38  Spire  
  94  19:42  Drone  
  94  19:43  Drone x6  
  102  19:45  Drone  
  102  20:07  Drone x3  
  104  20:09  Hatchery  
  104  20:10  Drone  
  104  20:11  Drone x2, Extractor  
  104  20:12  Drone  
  107  20:15  Drone  
  107  20:16  Drone  
  107  20:17  Drone  
  110  20:42  Ultralisk x2  
  122  20:43  Ultralisk  
  128  20:53  Greater Spire  
  128  20:56  Overlord x2  
  128  21:06  Drone  
  128  21:08  Corruptor x3  
  111  21:51  Drone  
  111  21:52  Drone x2  
  111  21:53  Drone x4  
  118  21:54  Spore Crawler  
  118  21:57  Spore Crawler  
  118  21:58  Spore Crawler  
  118  22:00  Spore Crawler  
  118  22:01  Spore Crawler  
  113  22:03  Drone  
  113  22:04  Drone x3  
  113  22:05  Drone x3  
  113  22:06  Drone x2  
  122  22:12  Corruptor x3  
  128  22:21  Corruptor x2  
  132  22:25  Hydralisk x2  
  132  22:29  Queen  
  138  23:14  Corruptor x4  
  138  23:15  Corruptor  
  138  23:18  Hydralisk x6  
  162  23:27  Brood Lord x5  
  170  23:59  Hatchery, Extractor  
  170  24:01  Extractor  
  167  24:08  Brood Lord  
  167  24:09  Corruptor x5, Brood Lord x2  
  157  24:46  Hydralisk  
  157  24:47  Hydralisk x2  
Show
View Real Time Build Order
Export as new Build Order

Razaac Terran - Winner!

Build Orders:  

Get SALT Encoding   

  12  0:02  SCV  
  13  0:14  SCV  
  13  0:21  Supply Depot  
  14  0:28  SCV  
  15  0:42  SCV  
  16  0:44  Barracks  
  16  0:46  Refinery  
  16  0:54  SCV  
  17  1:03  Barracks  
  17  1:06  SCV  
  18  1:19  SCV  
  18  1:24  Barracks  
  19  1:33  Refinery, Reaper  
  20  1:46  Supply Depot  
  20  1:51  Reaper  
  21  2:00  Orbital Command  
  22  2:12  Reaper  
  23  2:15  Reaper  
  23  2:25  SCV  
  23  2:27  Supply Depot  
  23  2:28  Reaper  
  25  2:38  SCV  
  26  2:44  Reaper  
  26  2:50  SCV  
  28  2:56  Reaper  
  29  3:03  Reaper  
  29  3:04  SCV  
  31  3:11  Supply Depot  
  30  3:31  Reaper x2  
  32  3:39  Reaper  
  32  3:51  Barracks  
  32  3:54  Command Center  
  32  4:01  SCV  
  33  4:04  Refinery, Reaper  
  33  4:05  Factory  
  33  4:42  Reaper  
  33  4:43  Reaper x2  
  32  5:14  Reaper  
  32  5:15  Reaper  
  32  5:19  Factory Reactor  
  32  5:22  Armory  
  32  5:27  Factory  
  32  5:28  SCV  
  33  5:30  Orbital Command  
  33  5:31  Marine  
  34  5:46  Marine x2  
  34  5:49  Marine  
  37  6:04  Marine x2  
  37  6:06  Marine  
  40  6:22  Marine x2  
  40  6:23  SCV x2  
  40  6:24  Marine  
  39  6:30  Factory Reactor, Terran Vehicle Weapons Level 1  
  39  6:32  Command Center, Cyclone x2  
  45  6:35  SCV x2  
  47  6:40  Marine x2  
  47  6:42  Marine  
  50  6:47  SCV x2  
  52  6:57  Marine  
  52  6:58  Marine  
  52  6:59  SCV x2, Engineering Bay  
  52  7:00  Marine  
  57  7:03  Refinery  
  57  7:07  Bunker  
  57  7:08  Hellion x2  
  61  7:11  SCV  
  62  7:35  Missile Turret  
  62  7:39  Missile Turret  
  62  7:43  SCV x2, Marine x3  
  62  7:44  Hellion x2  
  71  7:46  Supply Depot  
  71  7:52  Hellbat x2  
  71  7:54  SCV, Supply Depot  
  71  7:55  SCV  
  77  8:07  Marine x2  
  77  8:08  Marine  
  80  8:17  Starport  
  78  8:23  Factory  
  78  8:25  Marine x3  
  81  8:37  Supply Depot x2  
  81  8:43  Marine x3  
  62  9:01  Marine  
  52  9:03  Cyclone x4  
  61  9:10  SCV x2  
  61  9:16  Viking  
  65  9:24  Factory Tech Lab  
  65  9:28  SCV x3  
  68  9:35  Cyclone  
  70  9:42  Cyclone x4  
  72  9:58  Liberator  
  62  10:04  Marine x2  
  62  10:05  Marine  
  63  10:17  Siege Tank  
  68  10:39  Barracks, Marine  
  68  10:40  Marine  
  68  10:43  Hellion x3, Hellbat  
  55  10:57  Marine x2  
  57  11:06  Planetary Fortress  
  57  11:10  Medivac  
  59  11:15  Marine x2  
  59  11:18  Supply Depot  
  61  11:22  Terran Vehicle And Ship Armor Level 1  
  61  11:27  SCV  
  61  11:29  Marine  
  63  11:33  Marine  
  63  11:35  SCV  
  63  11:36  Marine  
  63  11:39  Hellion x2, SCV  
  71  11:40  Hellion x2, Medivac, Thor  
  71  11:45  Supply Depot  
  71  11:46  Hellion x8  
  83  11:49  SCV x2  
  83  11:51  SCV  
  86  11:56  Infernal Pre-Igniter  
  84  12:01  SCV  
  85  12:09  Command Center  
  85  12:27  Siege Tank  
  85  12:28  Hellbat x3  
  92  12:43  Starport Reactor  
  90  12:59  Siege Tank  
  86  13:06  SCV x2  
  86  13:07  SCV  
  86  13:10  Hellbat x2  
  93  13:17  Factory  
  93  13:18  SCV, Factory  
  93  13:19  SCV x2  
  96  13:31  Viking  
  96  13:33  Medivac  
  100  13:45  SCV x3  
  93  13:56  Orbital Command  
  93  13:57  SCV x2  
  95  14:03  Hellbat x3  
  95  14:04  Factory Tech Lab  
  95  14:09  Factory  
  101  14:16  Liberator x2  
  94  14:29  Factory Tech Lab  
  94  14:30  Siege Tank  
  94  14:31  Siege Tank  
  100  14:32  Hellbat x4  
  85  14:55  Hellbat x2  
  85  14:59  Liberator  
  72  15:24  Siege Tank x3  
  72  15:25  Liberator, Hellbat x2  
  72  15:26  Hellbat  
  87  15:30  SCV x2  
  89  15:38  Terran Vehicle And Ship Armor Level 2, Hellbat  
  89  15:42  Liberator  
  94  15:53  Orbital Command  
  94  15:56  Siege Tank  
  98  16:11  Factory Tech Lab  
  98  16:12  Command Center  
  98  16:32  Supply Depot  
  98  16:34  Supply Depot  
  98  16:35  Siege Tank x4  
  98  16:36  Hellbat x2  
  98  16:39  SCV x2  
  117  16:40  SCV  
  117  16:51  SCV  
  117  16:52  SCV  
  119  16:55  Refinery  
  119  17:01  Refinery, SCV  
  120  17:02  Hellbat x2  
  120  17:03  SCV, Hellbat  
  127  17:15  SCV x2  
  127  17:16  SCV  
  127  17:17  Liberator, Siege Tank x2  
  127  17:18  Viking, Siege Tank  
  141  17:23  Siege Tank  
  144  17:31  Liberator  
  150  17:54  Terran Vehicle Weapons Level 2  
  80  18:30  SCV x2  
  80  18:32  SCV  
  80  18:34  Hellbat x3  
  90  18:40  Building Armor  
  89  18:48  Thor x2  
  101  19:03  Refinery  
  101  19:04  Refinery  
  101  19:07  Liberator x2  
  98  19:17  Hellbat x2  
  98  19:18  Hellbat x2  
  98  19:19  Marine x2, Hellbat  
  110  19:31  SCV x2  
  119  19:38  Planetary Fortress  
  118  19:40  Missile Turret  
  118  19:43  SCV x3  
  118  19:44  Supply Depot  
  118  19:45  Supply Depot  
  121  19:51  Hellbat x4  
  129  19:53  Thor  
  129  19:55  Siege Tank  
  129  19:58  Supply Depot  
  138  20:02  Supply Depot x2  
  138  20:09  SCV x3  
  141  20:18  Liberator  
  141  20:19  Liberator  
  141  20:20  Hi-Sec Auto Tracking  
  142  20:21  SCV  
  142  20:22  Command Center  
  142  20:25  Supply Depot  
  142  20:26  Supply Depot  
  142  20:37  Terran Vehicle Weapons Level 3  
  148  20:55  Refinery  
  148  20:59  Refinery  
  148  21:11  Thor x2  
  154  21:45  Missile Turret  
  148  21:47  Viking  
  148  21:48  Viking  
  152  21:55  Missile Turret  
  152  21:58  Missile Turret  
  152  22:04  Command Center  
  152  22:06  Missile Turret  
  152  22:12  Thor x2  
  164  22:23  Hellbat  
  164  22:24  Hellbat x2  
  164  22:25  Viking x2  
  174  22:33  Armory  
  174  22:36  Planetary Fortress  
  174  22:51  Command Center  
  174  22:55  Viking x2  
  178  23:14  Terran Ship Weapons Level 1  
  178  23:22  Fusion Core  
  178  23:25  Viking x2  
  182  23:38  Planetary Fortress  
  182  23:43  Starport  
  182  23:44  Starport  
  182  23:45  Missile Turret  
  182  23:57  Refinery  
  182  23:59  Hellbat x6  
  182  24:00  Refinery, Hellbat  
  182  24:02  Hellbat  
  198  24:04  Viking  
  198  24:09  Missile Turret  
  200  24:16  Missile Turret  
  200  24:22  Command Center  
Tags
 
Matchup
TvZ
Replay Pack
2017S4
Spawn Locations
Cross Positions
Add a new tag
Caveats
  • Supply blocks, unpowered buildings, or Contaminate may cause inaccurate times.
  • Supply counts are checked every 10 seconds.